 Dungeon Crawl Stone Soup version 0.27.1 (webtiles) character file.

Game seed: 2229941700042190135

0 AIAndy the Covert (level 1, -4/23 HPs)
             Began as a Gnoll Delver on Aug 25, 2021.
             Slain by a mummy (17 damage)
             ... in an ossuary.
             The game lasted 00:00:43 (32 turns).

AIAndy the Covert (Gnoll Delver)                      Turns: 32, Time: 00:00:44

Health: -4/23      AC:  3    Str: 11    XL:     1   Next: 0%
Magic:  1/1        EV: 13    Int:  9    God:
Gold:   9          SH:  0    Dex: 13    Spells: 0/0 levels left

rFire    . . .     SeeInvis .   a - +0 falchion
rCold    . . .     Faith    .   (no shield)
rNeg     . . .     Spirit   .   b - +0 leather armour
rPois    .         Reflect  .   (no helmet)
rElec    .         Harm     .   (no cloak)
rCorr    .         Rampage  .   (no gloves)
Will     .....                  (no boots)
Stlth    ++++......             (no amulet)
HPRegen  0.07/turn              (no ring)
MPRegen  0.07/turn              (no ring)

@: slowed, very slow
A: fangs 1, strong nose, distributed training
a: no special abilities


You were in an ossuary.
You visited 1 branch of the dungeon, and saw 1 of its levels.
You also visited: Ossuary.

You collected 9 gold pieces.


Innate Abilities, Weirdness & Mutations

You have very sharp teeth.
Your uncanny sense of smell can sniff out nearby items.
Your experience applies equally to all skills.


   Skills:
 + Level 6.4 Fighting
 + Level 0.0 Short Blades
 + Level 4.4 Long Blades
 + Level 0.0 Axes
 + Level 0.0 Maces & Flails
 + Level 0.0 Polearms
 + Level 0.0 Staves
 + Level 0.0 Slings
 + Level 0.0 Bows
 + Level 0.0 Crossbows
 + Level 0.0 Throwing
 + Level 0.0 Armour
 + Level 4.4 Dodging
 + Level 9.5 Stealth
 + Level 0.0 Shields
 + Level 0.0 Unarmed Combat
 + Level 0.0 Spellcasting
 + Level 0.0 Conjurations
 + Level 0.0 Hexes
 + Level 0.0 Summonings
 + Level 0.0 Necromancy
 + Level 0.0 Translocations
 + Level 0.0 Transmutations
 + Level 0.0 Fire Magic
 + Level 0.0 Ice Magic
 + Level 0.0 Air Magic
 + Level 0.0 Earth Magic
 + Level 0.0 Poison Magic
 + Level 0.0 Invocations
 + Level 0.0 Evocations


You couldn't memorise any spells.
You didn't know any spells.
Your spell library was empty.

Inventory:

Hand Weapons
 a - a +0 falchion (weapon)
Armour
 b - a +0 leather armour (worn)
Wands
 g - a wand of digging (3)
Scrolls
 c - a scroll of fog
 d - a scroll of magic mapping
 e - a scroll of fear
Potions
 f - a potion of haste {@q3}
 h - a potion of heal wounds {unknown}

Dungeon Overview and Level Annotations

Branches:
Dungeon (5/15)            Ossuary (1/1)
 Temple: D:4-7

Altars:

∆∆∆ ∆∆∆ ∆∆∆
∆∆∆ ∆∆∆ ∆∆∆
▓▓▓▓▓ ▓..@▓
▓.MM▓ + ▓...▓
▓
▒.▓▓M▓▓'▓▓M▓▓
+≈≈.M≈.MM....
#.≈.#M▒+▒'▒'▒
#.▒P▒P▒
#≈▒≈#≈▒▒ ####
#


You could see 3 mummies and a bog mummy.


Message History

You enter the shallow water.
Moving in this stuff is going to be slow.
A mummy comes into view. x2
A mummy comes into view.
Your unstable footing causes you to fumble your attack.
Something unseen opens the door.
A mummy opens the door.
You barely miss the mummy.
A howler monkey zombie comes into view.
You barely miss the mummy. The bog mummy casts a spell at you.
You feel yourself slow down.
A mummy comes into view.
The mummy moves out of view.
There is an open door here.
You hit the mummy but do no damage. You hit the mummy.
The mummy is lightly damaged.
The bog mummy casts a spell at you. The puff of frost hits you!
The mummy hits you.
You hit the mummy. You bite the mummy, but do no damage.
The mummy is moderately damaged.
The mummy barely misses you.
You riposte.
You hit the mummy.
The mummy is moderately damaged.
There is a gate leading back out of this place here.
You hit the mummy.
The mummy is severely damaged.
The mummy hits you!
Ouch! That really hurt!
You die...

Skill      XL: | |
---------------+-+-----
Stealth        | |  9.5
Fighting       | |  6.4
Long Blades    | |  4.4
Dodging        | |  4.4

Action                   || total
-------------------------++-------
Melee: Falchion          ||     7
       Bite              ||     1
Dodge: Dodged            ||     1
       Rpst.: Falchion   ||     1

Levels and vault maps discovered:
D:5:      layout_loops_ring, xom_butterflies, cheibriados_altar_2,
          lightli_ossuary_entry_decrepit_ruins, kennysheep_minor_cross
Ossuary:  ossuary_zaba_flooded

Notes
Turn   | Place    | Note
-------+----------+-------------------------------------------
     0 | D:5      | Reached skill level 9 in Stealth
     0 | D:5      | AIAndy the Gnoll Delver began the quest for the Orb.
     0 | D:5      | Reached XP level 1. HP: 23/23 MP: 1/1
     2 | D:5      | Found a sand-covered staircase.
    15 | Ossuary  | Entered an ossuary
    17 | Ossuary  | Noticed a bog mummy
    32 | Ossuary  | Slain by a mummy

Vanquished Creatures (others)
  2 withered plants (Ossuary)
2 creatures vanquished.

Table legend: (Time is in decaauts)
 A = Elapsed time spent in this place.
 B = Non-inter-level travel time spent in this place.
 C = Inter-level travel time spent in this place.
 D = Time resting spent in this place.
 E = Time spent auto-exploring this place.
 F = Levels seen in this place.
 G = Mean time per level.
                   A        B        C        D        E       F      G
               +--------+--------+--------+--------+--------+-----+--------+
         Total |     37 |     37 |      0 |      0 |      0 |   2 |   18.5 |
       Dungeon |     15 |     15 |      0 |      0 |      0 |   1 |   15.0 |
       Ossuary |     22 |     22 |      0 |      0 |      0 |   1 |   22.0 |
               +--------+--------+--------+--------+--------+-----+--------+

Top non-repeatable levels by time:
 Ossuary: 22 daAuts
     D:5: 15 daAuts

Table legend:
 A = Non-vault XP
 B = Vault XP
 C = Vault XP percentage of total XP
 D = Non-vault monster count
 E = Vault monster count
 F = Vault count percentage of total count
                 A         B        C        D         E       F
            +---------+---------+-------+---------+---------+-------
      Total |       0 |       0 |   N/A |       0 |       0 |  -nan
            +---------+---------+-------+---------+---------+-------
            +---------+---------+-------+---------+---------+-------
